 Dungeon Crawl Stone Soup version 0.31-a0-354-g827e0957a7 (webtiles) character file.

Game seed: 13720689445810045423

916 HallandMoats the Demonic Disaster (level 7, -2/60 HPs)
             Began as a Demonspawn Monk on July 23, 2023.
             Was a Believer of Qazlal.
             Slain by an ogre
             ... wielding a +0 giant club
              (26 damage)
             ... on level 5 of the Dungeon.
             The game lasted 00:07:54 (4231 turns).

HallandMoats the Demonic Disaster (Demonspawn Monk) Turns: 4231, Time: 00:07:55

Health: -2/60      AC:  7    Str: 13    XL:     7   Next: 83%
Magic:  13/13      EV: 12    Int: 11    God:    Qazlal [**....]
Gold:   123        SH:  2    Dex: 18    Spells: 6/6 levels left

rFire   . . .        x - +4 long sword (elec)
rCold   + . .        d - orb {light}
rNeg    . . .        l - +1 leather armour of Zith {Will++ Slay+5 Stlth-}
rPois   .            (helmet restricted)
rElec   .            c - +1 cloak
rCorr   .            u - +0 pair of gloves
SInv    .            (no boots)
Will    +++..        (no amulet)
Stlth   +            q - ring of willpower
HPRegen 0.30/turn    t - ring of protection from cold
MPRegen 0.13/turn

%: no passive effects
@: about to teleport, glowing
A: horns 1, thin skeletal structure 1, powered by death 1, spiny 2
a: Renounce Religion, Upheaval


You were on level 5 of the Dungeon.
You worshipped Qazlal.
Qazlal was pleased with you.
You visited 2 branches of the dungeon, and saw 6 of its levels.

You collected 151 gold pieces.
You spent 28 gold pieces at shops.

Inventory:

Hand Weapons
 a - a +0 vampiric falchion
 b - a +2 short sword of venom
 x - a +4 long sword of electrocution (weapon)
Missiles
 s - a throwing net
Armour
 c - a +1 cloak (worn)
 d - an orb of light (worn)
 f - a +0 ring mail of cold resistance
 l - the +1 leather armour of Zith (worn) {Will++ Slay+5 Stlth-}
   (You found it on level 2 of the Dungeon)

   Slay:      It affects your accuracy & damage with ranged weapons and melee
   (+5).
   Will:      It greatly increases your willpower.
   Stlth:     It makes you less stealthy.
 u - a +0 pair of gloves (worn)
Jewellery
 q - a ring of willpower (left hand)
 t - a ring of protection from cold (right hand)
 v - an amulet of guardian spirit
Talismans
 o - a serpent talisman
Scrolls
 e - 3 scrolls of revelation
 r - a scroll of silence
Potions
 g - 3 potions of curing
 h - a potion of enlightenment {unknown}
 i - a potion of degeneration {unknown}
 j - a potion of brilliance {unknown}
 k - 2 potions of cancellation
 m - a potion of might
 n - a potion of mutation {unknown}


   Skills:
 + Level 7.0 Fighting
 - Level 2.6 Long Blades
 - Level 2.6 Dodging
 + Level 8.1 Invocations


You had 6 spell levels left.
You didn't know any spells.
Your spell library contained the following spells:

 Spells                   Type           Power      Damage    Failure   Level
 Kiss of Death            Conj/Necr      0%         2d5       41%         1
 Sandblast                Erth           0%         2d4       41%         1
 Lesser Beckoning         Tloc           0%         N/A       56%         2
 Passwall                 Tmut/Erth      0%         N/A       56%         2
 Confusing Touch          Hex            0%         N/A       80%         3
 Gell's Gravitas          Tloc           0%         N/A       80%         3
 Stone Arrow              Conj/Erth      0%         3d7       80%         3
 Teleport Other           Tloc           0%         N/A       80%         3
 Dispel Undead            Necr           0%         3d6       99%         4
 Fireball                 Conj/Fire      0%         3d3       100%        5
 Iskenderun's Battlesphe  Conj           0%         2d6       100%        5
 Conjure Ball Lightning   Conj/Air       0%         3x3d6     100%        6
 Orb of Destruction       Conj           0%         9d5       100%        7


Dungeon Overview and Level Annotations

Branches:
Dungeon (5/15)             Temple (1/1) D:4

Altars:
Ashenzari
Cheibriados
Dithmenos
Hepliaklqana
Makhleb
Nemelex Xobeh
Qazlal
Sif Muna
Trog
Uskayaw
Vehumet
Wu Jian
Xom
Yredelemnul

Shops:
D:3 [   D:5 ?

Annotations:
D:4 2 transporters, Mightysalt's ghost, novice TrFi
D:5 1 runed translucent door, HotCheetoh's ghost, novice DEFE; Prince Ribbit


Innate Abilities, Weirdness & Mutations

You have a pair of small horns on your head.
You have a somewhat thin skeletal structure. (Dex +2, Stealth+)
You regenerate a little health from kills.
You are mostly covered in sharp spines.


Message History

A centaur comes into view.
Prince Ribbit hits you but does no damage.
You closely miss Prince Ribbit.
The centaur shouts!
You hear a shout!
The centaur wields a +0 orcbow.
The centaur shoots an arrow.
You block the arrow. Prince Ribbit hits you!
An ogre comes into view. It is wielding a +0 giant club.
You slash Prince Ribbit!
Lightning courses through Prince Ribbit!
Prince Ribbit is almost dead.
The centaur shoots an arrow.
The arrow hits you. Prince Ribbit hits you.
The centaur shoots an arrow.
The arrow hits you!
* * * LOW HITPOINT WARNING * * *
Prince Ribbit lets out a mournful croak.
Prince Ribbit blinks!
You feel much better.
The centaur shoots an arrow.
The arrow hits you.
The centaur shoots an arrow.
The arrow hits you.
Prince Ribbit blinks!
The adder attacks as you move away! The adder bites you but does no damage.
The adder is struck by your spines. The adder barely misses you.
The adder attacks as you move away! The adder bites you but does no damage.
The adder barely misses you.
Prince Ribbit blinks!
The adder attacks as you move away! The adder is struck by your spines.
The adder misses you. The adder bites you but does no damage.
The adder attacks as you move away! The adder is struck by your spines.
You kill the adder!
Qazlal accepts your kill.
As you read the scroll of teleportation, it crumbles to dust.
You feel strangely unstable.
Prince Ribbit hops awkwardly around.
Prince Ribbit croaks regally.
Prince Ribbit is struck by your spines. Prince Ribbit hits you!
Prince Ribbit attacks as you move away!
Prince Ribbit hits you but does no damage.
Prince Ribbit blinks!
The ogre attacks as you move away!
The ogre hits you with a +0 giant club!!
You die...

#..............#
.
#..............#
#
#..............#
#..............#
##......(.....##
##..........##
##..##.#####
..... #..#
###... .##@#
##...# #.##O##
###..#.#... #c.#
.....#.#.# ##.#
....... #.#
#..##### #.#
##.ยง.cO.###.##
#..####......#
.........#
########


You could see an ogre and a centaur.

Vanquished Creatures
  Grinder (D:3)
  3 phantoms
  2 orc priests (D:5)
  A hound (D:3)
  3 sleepcaps (D:5)
  Crazy Yiuf (D:3)
  An orc wizard (D:4)
  Terence (D:2)
  Robin (D:2)
  7 gnolls
  4 adders
  3 white imps
  An ufetubus (D:4)
  3 worms
  A dart slug (D:1)
  11 orcs
  7 endoplasms
  2 giant cockroaches
  17 goblins
  9 hobgoblins
  4 jackals
  3 quokkas
  6 ball pythons
  4 bats
  A frilled lizard (D:1)
  5 kobolds
  7 rats
109 creatures vanquished.

Notes
Turn   | Place    | Note
-------+----------+-------------------------------------------
     0 | D:1      | HallandMoats the Demonspawn Monk began the quest for the
                  | Orb.
     0 | D:1      | Reached XP level 1. HP: 18/18 MP: 1/1
    86 | D:1      | Reached skill level 1 in Invocations
   130 | D:1      | Gained mutation: You are partially covered in sharp spines.
                  | [demonic ancestry]
   130 | D:1      | Reached XP level 2. HP: 22/24 MP: 3/3
   210 | D:1      | Found a faded altar of an unknown god.
   265 | D:1      | Reached skill level 2 in Invocations
   767 | D:2      | Reached XP level 3. HP: 27/29 MP: 4/4
   854 | D:2      | Identified the +1 leather armour of Zith {Will++ Slay+5
                  | Stlth-}
  1179 | D:2      | Noticed Robin
  1195 | D:2      | Reached skill level 3 in Invocations
  1201 | D:2      | Killed Robin
  1209 | D:2      | Gained mutation: You have a pair of small horns on your
                  | head. [demonic ancestry]
  1209 | D:2      | Reached XP level 4. HP: 34/37 MP: 6/6
  1442 | D:2      | Noticed Terence
  1449 | D:2      | Killed Terence
  1450 | D:2      | Reached skill level 4 in Invocations
  1759 | D:3      | Found Ratry's Armour Boutique.
  1838 | D:3      | Gained mutation: You have a somewhat thin skeletal
                  | structure. (Dex +2, Stealth+) [demonic ancestry]
  1838 | D:3      | Reached XP level 5. HP: 43/43 MP: 8/8
  2096 | D:3      | Noticed Grinder
  2107 | D:3      | Killed Grinder
  2108 | D:3      | Reached skill level 5 in Fighting
  2108 | D:3      | Reached skill level 6 in Invocations
  2108 | D:3      | Gained mutation: You regenerate a little health from kills.
                  | [demonic ancestry]
  2108 | D:3      | Reached XP level 6. HP: 40/52 MP: 8/10
  2452 | D:3      | Found a runed translucent door.
  2453 | D:3      | Noticed Crazy Yiuf
  2685 | D:3      | Killed Crazy Yiuf
  2799 | D:4      | Gained mutation: You are mostly covered in sharp spines.
                  | [demonic ancestry]
  2799 | D:4      | Reached XP level 7. HP: 54/58 MP: 11/11
  2892 | D:4      | Found a transporter.
  2893 | D:4      | Noticed Mightysalt's ghost (novice TrFi)
  3194 | D:4      | Found a staircase to the Ecumenical Temple.
  3478 | Temple   | Entered the Ecumenical Temple
  3485 | Temple   | Became a worshipper of Qazlal Stormbringer
  3485 | Temple   | Reached * piety under Qazlal
  3485 | Temple   | Reached ** piety under Qazlal
  3535 | D:4      | Identified the +10 dire flail "Unudal" {drain, Int+2}
  3991 | D:4      | Found a transporter.
  4022 | D:5      | Entered Level 5 of the Dungeon
  4036 | D:5      | Reached skill level 7 in Invocations
  4048 | D:5      | Found a runed translucent door.
  4084 | D:5      | Noticed HotCheetoh's ghost (novice DEFE)
  4129 | D:5      | Found Hicemoko's Magic Scroll Emporium.
  4134 | D:5      | Reached skill level 8 in Invocations
  4163 | D:5      | Bought a scroll of identify for 28 gold pieces
  4206 | D:5      | Noticed Prince Ribbit
  4231 | D:5      | Slain by an ogre

Illustrated notes

Levels and vault maps discovered:
D:1:      dpeg_arrival_stonehenge_8_columns, layout_basic,
          shapermc_ecumenical_altar_acropolis
D:2:      layout_basic, minmay_misc_feat_plants, uniq_robin, uniq_terence
D:3:      layout_loops_ring, mainiacjoe_overflow_tiny_flanked, serial_shops,
          shop, uniq_grinder, uniq_crazy_yiuf_cottage
D:4:      layout_basic, minmay_temple_entry_fiery, gammafunk_ghost_smash
D:5:      layout_rooms, gammafunk_ghost_grave, serial_shops,
          nicolae_shop_tiny_statue_garden, hellmonk_no_cap, uniq_prince_ribbit1
Temple:   nicolae_temple_no_exploring_needed

Skill      XL: |  1  2  3  4  5  6  7 |
---------------+----------------------+-----
Invocations    | 1 2 3 4 6 8 |  8.1
Fighting       | 4 5 6 7 |  7.0
Long Blades    | |  2.6
Dodging        | |  2.6

Action                     |  1- 3 |  4- 6 |  7- 9 || total
---------------------------+-------+-------+-------++-------
  Melee: Falchion          |    83 |    18 |    19 ||   120
         Short sword       |       |    33 |       ||    33
         Headbutt          |       |    15 |     5 ||    20
         Long sword        |       |       |    25 ||    25
    Use: Potion            |       |     2 |     1 ||     3
         Scroll            |       |     5 |     7 ||    12
 Armour: Ring mail         |    21 |       |       ||    21
         Leather armour    |     8 |     4 |    13 ||    25
  Dodge: Dodged            |    45 |    31 |    23 ||    99
  Block: Orb               |       |       |     3 ||     3

Table legend: (Time is in decaauts)
 A = Elapsed time spent in this place.
 B = Non-inter-level travel time spent in this place.
 C = Inter-level travel time spent in this place.
 D = Time resting spent in this place.
 E = Time spent auto-exploring this place.
 F = Levels seen in this place.
 G = Mean time per level.
                   A        B        C        D        E       F      G
               +--------+--------+--------+--------+--------+-----+--------+
         Total |   4257 |   3775 |    482 |    322 |   2684 |   6 |  709.5 |
       Dungeon |   4242 |   3760 |    482 |    322 |   2684 |   5 |  848.4 |
        Temple |     14 |     14 |      0 |      0 |      0 |   1 |   14.0 |
               +--------+--------+--------+--------+--------+-----+--------+

Top non-repeatable levels by time:
     D:4: 1091 daAuts
     D:3: 1066 daAuts
     D:2: 1046 daAuts
     D:1: 823 daAuts
     D:5: 213 daAuts
  Temple: 14 daAuts
